 Dungeon Crawl Stone Soup version 0.14-a0-1974-gdb6e453 (webtiles) character file.

213 Ololoev the Firebug (level 4, 0/38 HPs)
             Began as a Djinni Fire Elementalist on Jan 17, 2014.
             Slain by an orc priest
             ... wielding a +0,+1 orcish dagger
              (9 damage)
             ... on Level 3 of the Dungeon.
             The game lasted 00:09:12 (1789 turns).

Ololoev the Firebug (Djinni Fire Elementalist)      Turns: 1789, Time: 00:09:12

HP   0/38        AC  4     Str 10      XL: 4   Next: 31%
MP   0/0         EV 12     Int 15      God:
Gold 124         SH  0     Dex 13      Spells:  1 memorised, 10 levels left

rFire  + + +     SeeInvis .     j - +1,+3 dwarf dagger
rCold  x . .     Clarity  .     a - +0 robe
rNeg   + + +     Conserve .     (no shield)
rPois  .         rCorr    .     (no helmet)
rElec  .         rRot     .     m - +0 cloak
SustAb . .       Spirit   .     i - +0 pair of gloves
rMut   .         Warding  .     (boots unavailable)
Saprov . . .     Stasis   .     (no amulet)
MR     .....                    (no ring)
                                (no ring)

@: flying, very slightly contaminated, not resistant to hostile enchantments,
fairly stealthy
A: fire immunity, cold vulnerability, life protection 3
a: no special abilities


You were on level 3 of the Dungeon.
You were not hungry.

You visited 1 branch of the dungeon, and saw 3 of its levels.

You collected 124 gold pieces.

Inventory:

Hand weapons
 j - a +1,+3 dwarven dagger (weapon)
Armour
 a - a +0 robe (worn)
 i - a +0 pair of gloves (worn)
 m - a +0 cloak (worn)
Scrolls
 c - a scroll of curse jewellery {unknown}
 d - 2 scrolls of teleportation {unknown}
 e - 2 scrolls of remove curse {unknown}
 g - a scroll of curse weapon {unknown}
 k - 4 scrolls of fear {unknown}
 l - a scroll of enchant armour {unknown}
Jewellery
 h - an uncursed ring of sustenance {unknown}
Potions
 f - a potion of paralysis {unknown}
Books
 b - a book of Flames

   Spells                             Type                      Level
   *Flame Tongue                      Conjuration/Fire             1
   Throw Flame                        Conjuration/Fire             2
   Conjure Flame                      Conjuration/Fire             3
   Inner Flame                        Hexes/Fire                   3
   Sticky Flame                       Conjuration/Fire             4
   Fireball                           Conjuration/Fire             5


   Skills:
 - Level 1.7 Dodging
 - Level 1.5 Stealth
 - Level 4.0 Spellcasting
 - Level 1.1 Conjurations
 + Level 5.6 Fire Magic


You had 10 spell levels left.
You knew the following spells:

 Your Spells              Type           Power        Failure   Level  Hunger
a - Flame Tongue          Conj/Fire      ##...        6%          1    None


Dungeon Overview and Level Annotations

Branches:
Dungeon (3/16)

Altars:
Xom


Innate Abilities, Weirdness & Mutations

You are immune to all types of fire, even holy and hellish.
You are vulnerable to cold.
You need no food.
You have no legs.
You are immune to negative energy.


Message History

The orc priest barely misses you.
Casting: Flame Tongue
Confirm with . or Enter, or press ? or * to list all spells.
Aiming: Flame Tongue
Press: ? - help, Shift-Dir - straight line, f/p - orc priest
Aim: an orc priest, wielding an orcish dagger (moderately wounded)
You miscast Flame Tongue.
You are very lightly contaminated with residual magic.
You smell something strange.
The orc priest hits you with an orcish dagger.
* * * LOW HITPOINT WARNING * * *
Casting: Flame Tongue
Confirm with . or Enter, or press ? or * to list all spells.
Aiming: Flame Tongue
Press: ? - help, Shift-Dir - straight line, f/p - orc priest
Aim: an orc priest, wielding an orcish dagger (moderately wounded)
The flame hits the orc priest.
The orc priest is severely wounded.
The orc priest hits you with an orcish dagger!
You die...

#....o.... #.........
#.......... #o%#
#..#########. #
#.>.......... #.
#..#########. #.####..#
#...@#..# . #######..o..#
#.... ..........#..#
#....
#####...###.#########....
#....................
#..####.#########....
#..##.....>..........
#..##[#.######.......
#..##.#.## #..<.....


You could see an orc priest.

Vanquished Creatures
  3 adders (D:2)
  2 worms
  2 giant geckos (D:3)
  An orc (D:3)
  A ball python (D:3)
  11 bats
  4 giant cockroaches
  5 hobgoblins
  2 jackals (D:3)
  4 kobolds
  2 giant newts
  3 goblins
  7 rats
47 creatures vanquished.

Vanquished Creatures (others)
  A rat (D:1)
1 creature vanquished.

Grand Total: 48 creatures vanquished

Notes
Turn   | Place    | Note
--------------------------------------------------------------
     0 | D:1      | Ololoev, the Djinni Fire Elementalist, began the quest for the Orb.
     0 | D:1      | Reached XP level 1. HP: 14/14 MP: 0/0
   298 | D:1      | Reached XP level 2. EP: 16/23
   617 | D:1      | Found a shimmering altar of Xom.
   618 | D:1      | Found a shimmering altar of Xom.
   619 | D:1      | Found a shimmering altar of Xom.
   631 | D:1      | Found a shimmering altar of Xom.
   631 | D:1      | Found a shimmering altar of Xom.
   632 | D:1      | Found a shimmering altar of Xom.
   765 | D:2      | Reached XP level 3. EP: 27/30
   949 | D:2      | HP: 1/30 [poisoned by an adder]
  1127 | D:2      | Reached skill level 5 in Fire Magic
  1443 | D:3      | Reached XP level 4. EP: 27/38
  1789 | D:3      | Slain by an orc priest

Action                   |  1- 3 |  4- 6 || total
-------------------------+-------+-------++-------
Melee: Dagger            |    24 |     7 ||    31
 Cast: Flame Tongue      |    54 |    23 ||    77
  Use: Potion            |     6 |       ||     6
